AoeStats
← NIKTOU

Arabia

510788902Analyzed
1v1 RM · 21h ago on Oct 2, 2026· 24m 34s· 2 players
Game mode
Random Map
Map size
Tiny (2 player)
Population
200
Speed
Normal
Resources
Standard
Victory
Conquest
Starting age
Dark Age
Ending age
Imperial Age
RankedLock teamsTeams togetherTeam positionsShared explorationLock speedFull tech treeHidden civsTurbo modeCheats
Victory
Defeat
🇨🇳 Spanish · China
1352
+14
🇫🇷 Magyars · France
1315
-14
NIKTOU
5:42 Loom
5:48 Loom
9:03 Feudal Age
13:02 Scale Barding Armor
20:09 Castle Age
19:11 Bloodlines
18:51 Double-Bit Axe
18:49 Horse Collar
19:05 Gold Mining
20:53 Husbandry
卡皮巴拉
7:25 Loom
10:55 Feudal Age
16:47 Castle Age
Connection lost

Rejoining the realm…

Still unreachable

The connection could not be restored.

Session expired

The server has moved on; the page needs a fresh start.